 Dungeon Crawl Stone Soup version 0.30-b1-2-g02819fbbbe (webtiles) character file.

Game seed: 14687388203485177672

453390 suse60 the Axe Maniac (level 23, -6/240 HPs)
             Began as a Minotaur Gladiator on Aug 15, 2023.
             Was the Champion of the Shining One.
             Mangled by a rockslime (43 damage)
             ... created by the Royal Jelly
             ... on level 5 of the Pits of Slime on Sept 17, 2023.
             The game lasted 06:40:14 (51262 turns).

suse60 the Axe Maniac (Minotaur Gladiator)         Turns: 51262, Time: 06:40:14

Health: -6/240     AC:  2    Str: 37    XL:     23   Next: 23%
Magic:  10/10      EV: 22    Int:  5    God:    the Shining One [******]
Gold:   2292       SH: 12    Dex: 23    Spells: 21/22 levels left

rFire   + . .        K - +6 war axe of suse60's Misery {antimagic, Str-4 Dex+5}
rCold   + . .        P - +0 kite shield
rNeg    + + +        H - +3 storm dragon scales {Bai Suzhen}
rPois   +            V - -2 hat of the Alchemist {rElec rPois rF+ rC+ rN+ Will+ rMut rCorr}
rElec   +            h - +2 cloak
rCorr   +            w - +0 pair of gloves "Wotasix" {Contam Str+3 Slay+5 SInv Stlth+}
SInv    +            x - +3 pair of seven-league boots {Rampage+∞}
Will    ++...        b - amulet of the acrobat Stlth
                     s - +6 ring of dexterity
HPRegen 0.60/turn    v - +8 ring of strength
MPRegen 0.12/turn

%: acrobat, resist mutation, rampage+∞
@: corroded, glowing
A: horns 2, retaliatory headbutt, subdued magic 1
}: 2/15 runes: decaying, gossamer
a: Renounce Religion, Divine Shield, Cleansing Flame, Summon Divine Warrior,
Brand Weapon With Holy Wrath


You were on level 5 of the Pits of Slime.
You worshipped the Shining One.
The Shining One was exalted by your worship.
You visited 10 branches of the dungeon, and saw 46 of its levels.
You visited the Abyss 2 times.
You also visited: Sewer, Ossuary, Gauntlet and Ice Cave.

You collected 5236 gold pieces.
You spent 2944 gold pieces at shops.

Inventory:

Hand Weapons
 K - the +6 war axe of suse60's Misery (weapon) {antimagic, Str-4 Dex+5}
   (You bought it in a shop on level 13 of the Dungeon)

   Str:       It affects your strength (-4).
   Dex:       It affects your dexterity (+5).
 Z - a +2 executioner's axe
Missiles
 a - 12 silver javelins (quivered)
Armour
 h - a +2 cloak (worn)
 w - the +0 pair of gloves "Wotasix" (worn) {Contam Str+3 Slay+5 SInv Stlth+}
   (You acquired it on level 2 of the Lair of Beasts)

   Str:       It affects your strength (+3).
   Slay:      It affects your accuracy & damage with ranged weapons and melee
   (+5).
   SInv:      It lets you see invisible.
   Contam:    It causes magical contamination when unequipped.
   Stlth:     It makes you more stealthy.
 x - the +3 pair of seven-league boots (worn) {Rampage+∞}
   (You found it on level 2 of the Lair of Beasts)

   Rampage+∞: When moving toward enemies, its wearer moves as far as possible.
 H - +3 storm dragon scales (worn) {Bai Suzhen}
 P - a +0 kite shield (worn)
 V - the -2 hat of the Alchemist (worn) {rElec rPois rF+ rC+ rN+ Will+ rMut rCorr}
   (You found it on level 2 of the Crypt)

   rF:        It protects you from fire.
   rC:        It protects you from cold.
   rElec:     It insulates you from electricity.
   rPois:     It protects you from poison.
   rN:        It protects you from negative energy.
   rCorr:     It protects you from acid and corrosion.
   rMut:      It protects you from mutation.
   Will:      It increases your willpower.
Jewellery
 b - an amulet of the acrobat (around neck)
 s - a +6 ring of dexterity (left hand)
 v - a +8 ring of strength (right hand)
 T - a +4 ring of protection
Wands
 d - a wand of iceblast (40)
 e - a wand of acid (20)
 o - a wand of digging (33)
 p - a wand of flame (54)
 F - a wand of mindburst (18)
Scrolls
 c - 9 scrolls of poison
 n - 8 scrolls of fear
 u - 18 scrolls of teleportation
 A - 3 scrolls of silence
 B - 4 scrolls of magic mapping
 G - 5 scrolls of fog
 O - 2 scrolls of enchant weapon
Potions
 g - 8 potions of mutation
 j - a potion of resistance
 l - a potion of magic
 m - 13 potions of curing
 t - 11 potions of ambrosia
 z - 5 potions of cancellation
 D - 2 potions of might
 E - 6 potions of flight
 I - a potion of heal wounds
 L - 2 potions of haste
Miscellaneous
 i - a lightning rod (4/4)
 J - a phial of floods


   Skills:
 O Level 27 Fighting
 O Level 27 Axes
 - Level 2.0 Throwing
 + Level 20.2 Armour
 + Level 17.2 Dodging
 - Level 8.0 Shields
 - Level 12.0 Invocations
 - Level 10.0 Evocations


You had 21 spell levels left.
You knew the following spells:

 Your Spells              Type           Power      Damage    Failure   Level
a - Magic Dart            Conj           0%         1d3       86%         1

Your spell library contained the following spells:

 Spells                   Type           Power      Damage    Failure   Level
 Apportation              Tloc           0%         N/A       86%         1
 Beastly Appendage        Tmut           0%         N/A       86%         1
 Freeze                   Ice            0%         1d3       86%         1
 Shock                    Conj/Air       0%         1d3       86%         1
 Sting                    Tmut/Pois      0%         1d3       86%         1
 Summon Small Mammal      Summ           0%         N/A       86%         1
 Call Imp                 Summ           0%         N/A       94%         2
 Ensorcelled Hibernation  Hex/Ice        0%         N/A       94%         2
 Lesser Beckoning         Tloc           0%         N/A       94%         2
 Passwall                 Tmut/Erth      0%         N/A       94%         2
 Poisonous Vapours        Pois/Air       0%         N/A       94%         2
 Wereblood                Tmut           0%         N/A       94%         2
 Call Canine Familiar     Summ           0%         N/A       99%         3
 Frozen Ramparts          Ice            0%         1d1       99%         3
 Gell's Gravitas          Tloc           0%         N/A       99%         3
 Hailstorm                Conj/Ice       0%         3d3       99%         3
 Ignite Poison            Fire/Tmut/Pois 0%         N/A       99%         3
 Mephitic Cloud           Conj/Pois/Air  0%         N/A       99%         3
 Ozocubu's Armour         Ice            0%         N/A       99%         3
 Portal Projectile        Hex/Tloc       0%         N/A       99%         3
 Spider Form              Tmut/Pois      0%         N/A       99%         3
 Summon Guardian Golem    Hex/Summ       0%         N/A       99%         3
 Swiftness                Air            0%         N/A       99%         3
 Teleport Other           Tloc           0%         N/A       99%         3
 Tukima's Dance           Hex            0%         N/A       99%         3
 Animate Armour           Summ/Erth      0%         N/A       100%        4
 Leda's Liquefaction      Hex/Erth       0%         N/A       100%        4
 Olgreb's Toxic Radiance  Pois           0%         N/A       100%        4
 Petrify                  Tmut/Erth      0%         N/A       100%        4
 Alistair's Intoxication  Tmut/Pois      0%         N/A       100%        5
 Arcjolt                  Conj/Air       0%         1d10      100%        5
 Blade Hands              Tmut           0%         N/A       100%        5
 Borgnjor's Vile Clutch   Necr/Erth      0%         N/A       100%        5
 Lee's Rapid Deconstruct  Erth           0%         3d4*      100%        5
 Metabolic Englaciation   Hex/Ice        0%         N/A       100%        5
 Silence                  Hex/Air        0%         N/A       100%        5
 Summon Forest            Summ/Tloc      0%         N/A       100%        5
 Summon Mana Viper        Hex/Summ       0%         N/A       100%        5
 Eringya's Noxious Bog    Tmut/Pois      0%         N/A       100%        6
 Iron Shot                Conj/Erth      0%         9d1       100%        6
 Statue Form              Tmut/Erth      0%         N/A       100%        6
 Summon Cactus Giant      Summ           0%         N/A       100%        6
 Ozocubu's Refrigeration  Ice            0%         4d7       100%        7
 Chain Lightning          Conj/Air       0%         N/A       100%        9
 Fire Storm               Conj/Fire      0%         5d1       100%        9
 Shatter                  Erth           0%         3d5*      100%        9


Dungeon Overview and Level Annotations

Branches:
Dungeon (15/15)            Temple (1/1) D:4            Lair (5/5) D:9
  Swamp (4/4) Lair:2       Spider (4/4) Lair:2        Slime (5/5) Lair:4
    Orc (2/2) D:12            Elf (2/3) Orc:2        Vaults (5/5) D:14
  Crypt (3/3) Vaults:3       Tomb (0/3) Crypt:3      Depths (0/4) D:15
  Sewer (visited)         Ossuary (visited)           IceCv (visited)
Gauntlet (visited)

Altars:
Ashenzari
Cheibriados
Dithmenos
Elyvilon
Fedhas
Gozag
Hepliaklqana
Kikubaaqudgha
Makhleb
Nemelex Xobeh
Okawaru
Qazlal
Ru
Sif Muna
Trog
Uskayaw
Vehumet
Wu Jian
Xom
Yredelemnul
Zin
The Shining One
Jiyva

Shops:
D:1 !   D:2 :   D:3 [   D:6 ?   D:7 (   D:12 =   D:13 (   Orc:2 [=(*   Elf:1 (
Elf:2 =   Vaults:2 =   Crypt:1 *

Portals:
Trove: D:14 (show abyssal rune of Zot)


Innate Abilities, Weirdness & Mutations

You have a pair of horns on your head.
You reflexively headbutt those who attack you in melee.
Your spells are a little easier to cast, but a little less powerful.


Message History

You slice the rockslime!!
You headbutt the rockslime, but do no damage.
The rockslime is almost dead.
You slice the acid blob!!
Your hands burn!
You hit the acid blob.
Your hands burn!
The acid blob closely misses you. The acid blob hits you!
You are splashed with acid.
You resist. The rockslime hits you!!
You stumble backwards!
Acid dripping from the walls corrodes you.
You hit the rockslime but do no damage.
You headbutt the rockslime, but do no damage.
The rockslime is almost dead.
The acid blob spits acid at you. The splash of acid hits you! You resist.
You block the rockslime's attack.
You hit the rockslime but do no damage.
You headbutt the rockslime, but do no damage.
The rockslime is almost dead.
You hit the acid blob. The acid corrodes you!
Your hands burn!
The acid blob misses you.
You hit the rockslime but do no damage.
The rockslime is almost dead.
You slice the acid blob!!
Your hands burn!
You slash the acid blob!
Your hands burn!
You block the rockslime's attack. The acid blob spits acid at you.
The splash of acid hits you! You resist. The acid corrodes you!
You hit the rockslime but do no damage.
The rockslime is almost dead.
You hit the acid blob but do no damage.
Your hands burn!
You slice the acid blob!!
Your hands burn!
The acid blob spits acid at you. The splash of acid hits you! You resist.
* * * LOW HITPOINT WARNING * * *
The rockslime hits you!
* * * LOW HITPOINT WARNING * * *
You hold your ground!
The acid blob hits you!!
* * * LOW HITPOINT WARNING * * *
You are splashed with acid.
You resist.
* * * LOW HITPOINT WARNING * * *
You feel much better. You block the acid blob's attack.
The rockslime hits you!!!
You die...

#....................#
##...................###
##....................##
#.....................#
#.....................##
##.......................
##.......J.<.......J......
#.....#.#JJ...............
##....###@J...............
##.### ###...............
#.# ####............ #.#
##............. ###
#..............
#..............
#...............
#...............
##..............


You could see 2 acid blobs and 2 rockslimes.

Vanquished Creatures
  the Royal Jelly (Slime:5)
  A dread lich (Crypt:3)
  Mennas (Crypt:1)
  The ghost of Xenat the Impregnable, a veteran MiGl of Hepliaklqana (Crypt:1)
  Saint Roka (Crypt:2)
  Bai Suzhen (Spider:4)
  Xtahua (Crypt:2)
  Jory (Crypt:3)
  A hellephant (Abyss:3)
  Asterion (Spider:2)
  A tentacled monstrosity (Abyss:3)
  A lich (IceCv)
  Rupert (Orc:2)
  A titan (Vaults:1)
  A deep elf blademaster (Elf:2)
  21 acid blobs
  An ancient champion (Crypt:1)
  5 sphinxes
  Gastronok (D:11)
  A fenstrider witch (Swamp:4)
  A tengu reaver (Vaults:1)
  Donald (Lair:2)
  Roxanne (Elf:2)
  Kirke (Swamp:2)
  24 azure jellies
  3 revenants
  18 rockslimes
  The ghost of NoMoreGames the Devastator, an adept DECj of Sif Muna (Spider:3)
  8 vault wardens
  Louise (Swamp:2)
  6 ghost moths
  3 curse skulls (Crypt:1)
  A draconian annihilator (Abyss:3)
  7 ghouls
  A deep elf elementalist (Elf:2)
  2 orc warlords (Vaults:4)
  7 ironbound thunderhulks
  15 quicksilver oozes
  22 ironbound preservers
  4 broodmothers
  3 war gargoyles
  9 vampire knights
  3 eleionomae
  14 very ugly things
  2 stone giants
  Nessos (Orc:2)
  4 bunyips
  13 dire elephants
  A minotaur (Gauntlet)
  A spark wasp (Spider:3)
  A white draconian (Abyss:3)
  5 deep elf death magi
  9 eidola
  A green death (Abyss:3)
  7 jiangshi
  A crystal guardian (Vaults:3)
  12 yaktaur captains
  A shambling mangrove (Swamp:2)
  An ettin (Vaults:3)
  9 great orbs of eyes
  8 entropy weavers
  A peacekeeper (Vaults:3)
  14 vault guards
  An entropy weaver (shapeshifter) (Abyss:3)
  A rakshasa (Abyss:3)
  8 hydras
  2 jorogumos (Spider:4)
  A ghost crab (Swamp:1)
  A radroach (Spider:3)
  A caustic shrike simulacrum (IceCv)
  11 centaur warriors
  5 catoblepae
  7 boulder beetles
  A spriggan skeleton (Abyss:3)
  7 ironbound frosthearts
  3 two-headed ogres
  29 dancing weapons
  4 alligators
  2 tengu warriors (D:14)
  11 death yaks
  2 orc high priests
  8 deep elf knights
  2 death scarabs
  Urug (Orc:2)
  A sun demon (Abyss:3)
  2 thrashing horrors (Abyss:3)
  9 vampire magi
  8 spriggans
  A spectral emperor scorpion (Spider:3)
  A hell knight (Abyss:3)
  8 soul eaters
  5 storm dragon zombies (Crypt:3)
  4 wretched stars (Abyss:3)
  2 skysharks
  10 pharaoh ants
  A spatial maelstrom (Abyss:3)
  4 shadow wraiths
  Amaemon (D:9)
  10 skeletal warriors
  2 bunyip zombies (Swamp:1)
  A death drake (shapeshifter) (D:14)
  3 goliath frogs
  4 glowing orange brains
  3 golden dragon zombies (Crypt:3)
  72 deep trolls
  A sun moth (Spider:4)
  14 bog bodies
  2 spriggan druids
  10 swamp dragons
  A flayed ghost (Crypt:3)
  5 orb spiders
  4 spriggan simulacra
  7 deep elf archers
  A bunyip skeleton (Crypt:2)
  5 necromancers
  Pikel (D:5)
  9 phantasmal warriors
  12 ironbound convokers
  A sphinx zombie (Vaults:3)
  2 obsidian statues
  8 lindwurms
  8 starcursed masses (Abyss:3)
  4 steelbarb worms
  14 deep elf zephyrmancers
  7 orc sorcerers
  A jorogumo zombie (Crypt:1)
  6 wizards
  4 harpies (Vaults:1)
  10 wolf spiders
  6 shining eyes
  An oklob plant (Lair:4)
  14 deep elf pyromancers
  12 orc knights
  3 will-o-the-wisps
  A frost giant zombie (D:15)
  14 ugly things
  4 cyclopes
  A manticore (D:11)
  5 elephants (Lair:5)
  2 centaur zombies (Crypt:3)
  4 moths of wrath
  A guardian serpent (Lair:2)
  An eleionoma skeleton (Crypt:1)
  20 vault sentinels
  6 black mambas
  A smoke demon (Abyss:3)
  An orange demon (D:9)
  Maggie (D:8)
  A gargoyle (D:10)
  2 eyes of devastation
  3 torpor snails
  3 demonic crawlers
  An elf skeleton (Vaults:2)
  A water nymph (Lair:5)
  13 cane toads
  A dire elephant skeleton (Crypt:2)
  5 komodo dragons
  An emperor scorpion simulacrum (Spider:3)
  A komodo dragon (shapeshifter) (D:15)
  16 freezing wraiths
  4 rime drakes
  3 efreet
  38 yaktaurs
  2 golden dragon simulacra (IceCv)
  A red devil (Abyss:3)
  5 tengu conjurers
  A yellow draconian skeleton (Crypt:2)
  A death yak skeleton (Crypt:3)
  2 ice devils
  6 meliai (Spider:4)
  3 hydra zombies (Swamp:1)
  4 anaconda simulacra (IceCv)
  5 tyrant leeches
  2 bloated husks
  10 trolls
  Grinder (D:5)
  A wolf spider simulacrum (Spider:3)
  8 hornets
  35 tarantellas
  A raiju (shapeshifter) (Elf:1)
  3 raiju (Abyss:3)
  A fire dragon zombie (Crypt:3)
  8 dream sheep
  An ice dragon zombie (Crypt:1)
  10 blink frogs
  An ettin zombie (D:15)
  An alligator zombie (Swamp:1)
  109 slime creatures
  27 jumping spiders
  14 shadows
  A black mamba zombie (Crypt:3)
  A centaur simulacrum (Crypt:1)
  6 water elementals
  22 culicivoras
  A dire elephant simulacrum (IceCv)
  5 ynoxinuls (Abyss:3)
  4 fire elementals (Elf:1)
  4 flying skulls (Crypt:1)
  10 wraiths
  2 wyverns
  Eustachio (D:5)
  5 small abominations (Abyss:3)
  13 vampires
  A yaktaur simulacrum (Vaults:3)
  18 yaks
  3 hogs (Swamp:2)
  Grum (D:8)
  2 neqoxecs (Abyss:3)
  3 steam dragons
  5 golden eyes
  3 basilisks
  A minotaur simulacrum (IceCv)
  A chaos spawn (Abyss:3)
  A human simulacrum (Vaults:3)
  A redback (shapeshifter) (D:14)
  52 redbacks
  25 vampire mosquitoes
  5 wargs
  8 harpy simulacra
  9 large abominations (Abyss:3)
  7 swamp worms
  2 glowing shapeshifter zombies
  2 spectral entropy weavers (Spider:3)
  Duvessa (D:7)
  An acid dragon (D:12)
  3 spatial vortices (Abyss:3)
  A human skeleton (D:15)
  A floating eye (Slime:5)
  A glowing shapeshifter skeleton (D:15)
  10 water moccasins
  9 swamp drakes
  A two-headed ogre skeleton (Crypt:2)
  3 ice beasts
  37 orc warriors
  A sky beast (Abyss:3)
  A black bear (shapeshifter) (D:14)
  A hornet zombie (Crypt:3)
  5 ogres
  2 human zombies
  2 black bears
  2 swamp dragon zombies
  A merfolk simulacrum (Crypt:1)
  2 alligator simulacra (IceCv)
  An ettin simulacrum (IceCv)
  6 boggarts
  8 wolves
  A centaur (D:8)
  A dream sheep skeleton (Crypt:2)
  2 phantoms
  A komodo dragon zombie (Crypt:3)
  19 bullfrogs
  2 kobold brigands
  5 earth elementals
  4 deep troll simulacra
  2 necrophages
  2 yaktaur skeletons
  An entropy weaver simulacrum (Spider:3)
  3 wights (D:7)
  Dowan (D:7)
  10 killer bees
  4 lindwurm simulacra
  2 shapeshifter skeletons (Crypt:1)
  10 howler monkeys
  5 crimson imps (Abyss:3)
  2 quasits (Abyss:3)
  3 jellies
  4 hounds
  Crazy Yiuf (D:2)
  22 orc priests
  A bullfrog skeleton (Crypt:1)
  5 gnoll boudas
  5 iguanas
  Ijyb (D:3)
  32 orc wizards
  2 sleepcaps
  A boggart skeleton (Crypt:2)
  8 mummies (Ossuary)
  25 gnolls
  9 adders
  A steam dragon zombie (Crypt:2)
  6 white imps
  5 ufetubi
  3 dart slugs
  71 orcs
  12 ball pythons
  5 endoplasms (D:1)
  13 giant cockroaches
  10 goblins
  8 hobgoblins
  23 jackals
  20 kobolds
  10 quokkas
  6 bats
  7 frilled lizards
  2 gnoll zombies (Ossuary)
  3 hobgoblin zombies (Ossuary)
  A kobold zombie (Ossuary)
  2 orc zombies (Ossuary)
  21 rats
  A lurking horror (Abyss:3)
  A spectral weapon (Spider:2)
1895 creatures vanquished.

Vanquished Creatures (collateral kills)
  The ghost of Nyubb the Impregnable, a veteran MiGl of Hepliaklqana (Crypt:2)
  Josephina (Crypt:1)
  the Lernaean hydra (Swamp:4)
  Arachne (Spider:2)
  Zenata (Crypt:3)
  Agnes (Spider:4)
  The ghost of NimIero the Bludgeoner, a journeyman AtBe of Trog (Orc:2)
  A curse skull (Crypt:2)
  An emperor scorpion (Spider:4)
  A balrug (Abyss:3)
  An ironbound preserver (Vaults:4)
  An orc warlord (Orc:2)
  A broodmother (Spider:4)
  7 vampire knights
  2 quicksilver oozes (Slime:5)
  A bunyip (Swamp:4)
  2 eidola
  2 jiangshi
  2 caustic shrike simulacra (Crypt:1)
  3 hydras
  An Orb Guardian zombie (Crypt:1)
  4 vampire magi
  A thrashing horror (Abyss:3)
  A soul eater (Crypt:1)
  A golden dragon zombie (Crypt:3)
  A skeletal warrior (Crypt:1)
  A storm dragon zombie (Crypt:3)
  An anaconda zombie (Crypt:1)
  A pharaoh ant (Spider:2)
  A swamp dragon (Swamp:4)
  An orb spider (Spider:4)
  A steelbarb worm (Spider:4)
  3 phantasmal warriors
  An orc knight (Orc:2)
  A wolf spider (Spider:4)
  A will-o-the-wisp (Lair:2)
  4 oklob plants (Lair:4)
  A necromancer (Crypt:1)
  An elephant (Lair:5)
  A vault sentinel (Vaults:4)
  A black mamba (Lair:4)
  Psyche (D:8)
  A rime drake (Lair:5)
  2 tyrant leeches
  A tarantella (Spider:4)
  A raiju (Abyss:3)
  5 flying skulls (Crypt:1)
  4 shadows (Crypt:1)
  2 culicivoras (Lair:2)
  A black mamba zombie (Crypt:1)
  A water elemental (D:12)
  5 vampires (Crypt:3)
  7 yaks
  A vampire mosquito (D:12)
  A swamp worm (Swamp:4)
  4 redbacks
  A swamp drake (Swamp:4)
  4 orc warriors
  2 wolves (Gauntlet)
  A necrophage (Crypt:3)
  A deep troll simulacrum (D:15)
  A warg skeleton (Crypt:3)
  A bullfrog zombie (Crypt:2)
  A human zombie (Crypt:3)
  An orc priest (Orc:2)
  An orc wizard (D:11)
  2 gnolls
  6 orcs
120 creatures vanquished.

Vanquished Creatures (others)
  A bog body (Swamp:1)
  A spriggan simulacrum (Crypt:1)
  A sphinx zombie (Crypt:1)
  A wolf spider (Spider:4)
  A cane toad (Lair:5)
  2 bloated husks
  A tyrant leech (Swamp:2)
  A dream sheep (Lair:4)
  A stone giant simulacrum (Crypt:1)
  A swamp worm (Swamp:1)
  A river rat (D:8)
  A white imp (Gauntlet)
  An orc (D:8)
  14 demonic plants (Gauntlet)
  20 foxfires
  23 fungi
  80 plants
  2 withered plants (D:15)
153 creatures vanquished.

Grand Total: 2168 creatures vanquished

Notes
Turn   | Place    | Note
-------+----------+-------------------------------------------
     0 | D:1      | suse60 the Minotaur Gladiator began the quest for the Orb.
     0 | D:1      | Reached XP level 1. HP: 18/18 MP: 0/0
    92 | D:1      | Reached XP level 2. HP: 23/26 MP: 1/1
   143 | D:1      | Found Jol Zut's Distillery.
   385 | D:1      | Reached XP level 3. HP: 31/31 MP: 2/2
   822 | D:2      | Reached XP level 4. HP: 36/40 MP: 3/3
   960 | D:2      | Reached skill level 5 in Axes
  1159 | D:2      | Found a runed translucent door.
  1160 | D:2      | Noticed Crazy Yiuf
  1332 | D:2      | Found Wohap's Book Emporium.
  1639 | D:2      | Killed Crazy Yiuf
  1870 | D:3      | Noticed Ijyb
  1880 | D:3      | Killed Ijyb
  1881 | D:3      | Reached XP level 5. HP: 43/47 MP: 4/4
  2007 | D:3      | Found Pueps's Armour Shop.
  2329 | D:3      | Reached skill level 5 in Fighting
  2864 | D:5      | Entered Level 5 of the Dungeon
  3074 | D:4      | Reached XP level 6. HP: 46/57 MP: 5/5
  3153 | D:4      | Reached XP level 7. HP: 31/64 MP: 6/6
  3576 | D:4      | Found a staircase to the Ecumenical Temple.
  3591 | Temple   | Entered the Ecumenical Temple
  3644 | Temple   | Became a worshipper of the Shining One
  3795 | D:5      | Noticed Pikel
  3813 | D:5      | Killed Pikel
  3814 | D:5      | Reached XP level 8. HP: 58/74 MP: 7/7
  3899 | D:5      | Noticed Grinder
  3911 | D:5      | Killed Grinder
  3920 | D:5      | Noticed Eustachio
  3978 | D:5      | Killed Eustachio
  4035 | D:5      | Reached skill level 10 in Axes
  4043 | D:5      | Noticed Blork the orc
  4048 | D:5      | Blork the orc changed into Blork the gnoll
  4048 | D:5      | Noticed Blork
  4051 | D:5      | Killed Blork the gnoll
  4074 | D:5      | Reached skill level 10 in Fighting
  4620 | D:6      | Found a glowing drain.
  4640 | D:6      | Reached XP level 9. HP: 31/86 MP: 8/8
  4660 | D:6      | Reached * piety under the Shining One
  4680 | Sewer    | Entered a sewer
  5099 | D:6      | Found Cuacogg's Magic Scroll Emporium.
  5197 | D:6      | Found a sand-covered staircase.
  5232 | Ossuary  | Entered an ossuary
  5260 | Ossuary  | Reached ** piety under the Shining One
  5484 | D:6      | Bought a scroll of identify for 20 gold pieces
  5484 | D:6      | Bought a scroll of magic mapping for 75 gold pieces
  5484 | D:6      | Bought 3 scrolls of identify for 60 gold pieces
  5484 | D:6      | Bought a scroll of identify for 20 gold pieces
  5801 | D:7      | Noticed Duvessa
  5801 | D:7      | Noticed Dowan
  5807 | D:7      | Killed Duvessa
  5812 | D:7      | Killed Dowan
  5844 | D:7      | Found a blossoming altar of Fedhas.
  6020 | D:7      | Found Tofuggig's Antique Weapon Emporium.
  6217 | D:7      | Reached *** piety under the Shining One
  6576 | D:8      | Noticed Psyche
  6629 | D:8      | Killed Psyche
  6630 | D:8      | Reached skill level 1 in Invocations
  6630 | D:8      | Reached XP level 10. HP: 64/97 MP: 7/9
  6806 | D:8      | Noticed Prince Ribbit
  6818 | D:8      | Prince Ribbit changed into Prince Ribbit the blink frog
  6818 | D:8      | Noticed Prince Ribbit
  6834 | D:8      | Killed Prince Ribbit the blink frog
  7041 | D:8      | Found a sacrificial altar of Ru.
  7041 | D:8      | Found a radiant altar of Vehumet.
  7207 | D:8      | Noticed Grum
  7216 | D:8      | Killed Grum
  7320 | D:8      | Found a broken altar of Ashenzari.
  7420 | D:9      | Noticed a death yak
  7430 | D:9      | Noticed a death yak
  7445 | D:8      | Killed a death yak
  7469 | D:9      | Noticed a death yak
  7471 | D:9      | Noticed a death yak
  7481 | D:8      | Killed a death yak
  7563 | D:8      | Noticed Maggie
  7588 | D:8      | Killed Maggie
  7738 | D:9      | Noticed a death yak
  7945 | D:9      | Found a staircase to the Lair.
  7955 | D:9      | Reached skill level 5 in Invocations
  7990 | D:9      | Found a shimmering blue altar of Sif Muna.
  7994 | D:9      | Noticed Amaemon
  7999 | D:9      | Noticed an orange demon
  8003 | D:9      | Killed Amaemon
  8003 | D:9      | Reached **** piety under the Shining One
  8004 | D:9      | Reached XP level 11. HP: 56/108 MP: 13/13
  8229 | D:9      | Killed a death yak
  8362 | Lair:1   | Entered Level 1 of the Lair of Beasts
  8362 | Lair:1   | Noticed a catoblepas
  8369 | Lair:1   | Killed a catoblepas
  8632 | Lair:1   | Noticed a death yak
  8632 | Lair:1   | Noticed a death yak
  8632 | Lair:1   | Noticed a death yak
  8648 | Lair:1   | Killed a death yak
  8650 | Lair:1   | Noticed a death yak
  8653 | Lair:1   | Killed a death yak
  8653 | Lair:1   | Noticed a death yak
  8661 | Lair:1   | Killed a death yak
  8662 | Lair:1   | Killed a death yak
  8669 | Lair:1   | Killed a death yak
  9165 | Lair:1   | Reached skill level 15 in Axes
  9571 | D:9      | Killed a death yak
  9573 | D:9      | Killed a death yak
  9574 | D:9      | Reached skill level 15 in Fighting
  9871 | Lair:2   | Noticed a six-headed hydra
 10041 | D:9      | Found a shimmering altar of Xom.
 11076 | D:10     | Entered Level 10 of the Dungeon
 11140 | D:10     | Reached XP level 12. HP: 119/119 MP: 16/16
 11459 | D:10     | Found a snail-covered altar of Cheibriados.
 12079 | D:11     | Reached ***** piety under the Shining One
 12091 | D:11     | Paralysed by a hornet for 1 turns
 12102 | D:11     | Found a gate leading to a gauntlet.
 12109 | Gauntlet | Entered a Gauntlet
 12109 | Gauntlet | Found a transporter.
 12109 | Gauntlet | Found a transporter.
 12125 | Gauntlet | Found a transporter.
 12136 | Gauntlet | Found a transporter.
 12150 | Gauntlet | Found a transporter.
 12163 | Gauntlet | Found a transporter.
 12166 | Gauntlet | Noticed a death scarab
 12168 | Gauntlet | Noticed a death scarab
 12180 | Gauntlet | Found a transporter.
 12251 | Gauntlet | Found a transporter.
 12277 | Gauntlet | Found a transporter.
 12287 | Gauntlet | Found a transporter.
 12296 | Gauntlet | Noticed a catoblepas
 12309 | Gauntlet | Found a transporter.
 12319 | Gauntlet | Found a transporter.
 12342 | Gauntlet | Found a transporter.
 12358 | Gauntlet | Found a transporter.
 12385 | Gauntlet | Found a transporter.
 12389 | Gauntlet | Found a transporter.
 12688 | Gauntlet | Killed a death scarab
 12769 | Gauntlet | Noticed a minotaur
 12776 | Gauntlet | Killed a minotaur
 13047 | D:11     | Noticed Gastronok
 13075 | D:11     | Killed Gastronok
 13478 | D:11     | Found a sacrificial altar of Ru.
 13814 | Lair:2   | Killed a six-headed hydra
 14123 | Lair:2   | Found a staircase to the Swamp.
 14361 | Lair:2   | Found a hole to the Spider Nest.
 14596 | Lair:2   | Noticed a boulder beetle
 14616 | Lair:2   | Killed a boulder beetle
 14685 | Lair:2   | Noticed a boulder beetle
 14699 | Lair:2   | Killed a boulder beetle
 14700 | Lair:2   | Reached skill level 10 in Invocations
 14712 | Lair:2   | Reached XP level 13. HP: 76/130 MP: 19/19
 14852 | Lair:2   | Found the +3 pair of seven-league boots {Rampage+∞}
 15077 | Lair:3   | Identified the +6 scale mail "Luaf Zuo" {Regen+}
 15145 | Lair:3   | Reached skill level 1 in Armour
 15807 | Lair:4   | Found a viscous altar of Jiyva.
 15808 | Lair:4   | Found a staircase to the Slime Pits.
 16237 | Lair:4   | Reached skill level 5 in Armour
 16885 | Lair:5   | Entered Level 5 of the Lair of Beasts
 17032 | Lair:5   | Reached ****** piety under the Shining One
 17412 | Lair:5   | Reached XP level 14. HP: 143/143 MP: 20/20
 17798 | Lair:5   | Identified the +1 troll leather armour "Niqivea" {rElec
                  | rPois Regen+ Int+4}
 18226 | D:12     | Found a staircase to the Orcish Mines.
 18601 | D:12     | Found Ywiq's One-of-a-Kind Rings.
 18735 | D:12     | Found the sphere of Battle
 18765 | D:12     | Learned a level 1 spell: Magic Dart
 18809 | Orc:1    | Entered Level 1 of the Orcish Mines
 18827 | Orc:1    | Noticed an orc warlord
 18855 | D:12     | an orc warlord changed into a death yak
 18908 | Orc:1    | Paralysed by an orc sorcerer for 2 turns
 19080 | Orc:2    | Entered Level 2 of the Orcish Mines
 19521 | Orc:2    | Noticed Rupert
 19580 | Orc:2    | Noticed Nessos
 19587 | Orc:2    | Killed Nessos
 19653 | Orc:2    | Found a staircase to the Elven Halls.
 19910 | Orc:2    | Reached skill level 10 in Armour
 20068 | Orc:2    | Noticed an orc warlord
 20082 | Orc:2    | Killed an orc warlord
 20083 | Orc:2    | Noticed Urug
 20092 | Orc:2    | Killed Urug
 20104 | Orc:2    | Found Fyeck's Antique Weapon Boutique.
 20107 | Orc:2    | Found Nezaafoh's General Store.
 20113 | Orc:2    | Found a runed translucent door.
 20115 | Orc:2    | Noticed NimIero's ghost (journeyman AtBe)
 20129 | Orc:2    | Killed NimIero's ghost
 20134 | Orc:2    | Identified the amulet "Guirph" {Faith *Slow +Inv Int+5}
 20341 | Orc:2    | Bought a potion of might for 60 gold pieces
 20341 | Orc:2    | Bought a scroll of enchant weapon for 112 gold pieces
 20350 | Orc:2    | Found Ysixt's Jewellery Boutique.
 20419 | Orc:2    | Paralysed by Rupert for 5 turns
 20466 | Orc:2    | Killed Rupert
 20515 | Orc:2    | Found Hipsiopi's Antique Armour Boutique.
 20521 | Orc:2    | Bought a pair of blackened gloves for 266 gold pieces
 20521 | Orc:2    | Identified the +2 pair of gloves of Murure Anut {Rampage
                  | rCorr Str-2 SInv} (You bought it in a shop on level 2 of
                  | the Orcish Mines)
 20521 | Orc:2    | Bought a pair of glowing gloves for 210 gold pieces
 20595 | Orc:2    | Bought a potion of resistance for 150 gold pieces
 20707 | D:12     | Bought a +8 ring of strength for 935 gold pieces
 21164 | D:13     | Found Sywneesut's Antique Weapon Emporium.
 21226 | D:13     | Reached XP level 15. HP: 152/152 MP: 21/21
 21228 | D:13     | Identified the +2 ring mail of Indemnity {rN+ Will+ Stlth+}
 21360 | D:13     | Bought an ichor-stained war axe for 280 gold pieces
 21360 | D:13     | Identified the +6 war axe of suse60's Misery {antimagic,
                  | Str-4 Dex+5} (You bought it in a shop on level 13 of the
                  | Dungeon)
 21562 | D:14     | Found a gate to the Vaults.
 21704 | D:14     | Found a portal to a secret trove of treasure.
 22097 | D:15     | Entered Level 15 of the Dungeon
 22170 | D:15     | Reached skill level 5 in Dodging
 22194 | D:15     | Found a staircase to the Depths.
 22195 | Abyss:3  | Cast into level 3 of the Abyss (a wizard)
 22226 | Abyss:3  | Found a corrupted altar of Lugonu.
 22434 | Abyss:3  | Noticed a tentacled monstrosity
 22448 | Abyss:3  | Killed a tentacled monstrosity
 22540 | Abyss:3  | Noticed a hellephant
 22563 | Abyss:3  | Killed a hellephant
 22574 | D:15     | Escaped the Abyss
 22702 | D:15     | Found a frozen archway.
 22737 | IceCv    | Entered an ice cave
 22936 | IceCv    | Found an ancient bone altar of Kikubaaqudgha.
 23045 | IceCv    | Identified the +0 pair of gloves "Fuqum" {Harm}
 23195 | IceCv    | Noticed a lich
 23218 | IceCv    | Killed a lich
 23219 | IceCv    | Reached XP level 16. HP: 99/165 MP: 7/22
 23529 | D:15     | Found a stormy altar of Qazlal.
 24031 | Spider:1 | Entered Level 1 of the Spider Nest
 24912 | Spider:2 | Noticed Asterion
 25212 | Spider:2 | Noticed Arachne
 25221 | Spider:2 | Killed Arachne
 25266 | Spider:2 | Killed Asterion
 25267 | Spider:2 | Reached skill level 10 in Dodging
 25785 | Spider:3 | Found a transporter.
 25785 | Spider:3 | Noticed NoMoreGames's ghost (adept DECj)
 25811 | Spider:3 | Found a transporter.
 25897 | Spider:3 | Killed NoMoreGames's ghost
 26899 | Spider:4 | Entered Level 4 of the Spider Nest
 27265 | Spider:4 | Reached XP level 17. HP: 175/176 MP: 24/24
 27649 | Spider:4 | Noticed Bai Suzhen
 27658 | Spider:4 | Killed Bai Suzhen
 28027 | Spider:4 | Noticed Agnes
 28037 | Spider:4 | HP: 8/176 [Agnes/+4 lajatang of venom (7)]
 28038 | Spider:4 | Killed Agnes
 28043 | Spider:4 | The Shining One protects you from harm!
 28404 | Spider:4 | Got a gossamer rune of Zot
 28493 | Spider:4 | Reached skill level 1 in Evocations
 29069 | Lair:2   | Identified a scroll of acquirement
 29070 | Lair:2   | Acquired the +0 pair of gloves "Wotasix" {Contam Str+3
                  | Slay+5 SInv Stlth+}
 29157 | Swamp:1  | Entered Level 1 of the Swamp
 29157 | Swamp:1  | Noticed Donald
 29173 | Lair:2   | Killed Donald
 30349 | Swamp:2  | Noticed Louise
 30366 | Abyss:3  | Found a corrupted altar of Lugonu.
 30366 | Abyss:3  | Cast into level 3 of the Abyss (Louise)
 30665 | Abyss:3  | Reached XP level 18. HP: 78/187 MP: 22/25
 30672 | Swamp:2  | Escaped the Abyss
 30887 | Swamp:2  | Identified the +0 mace of Weapnaos {elec, *Rage rN+ Int-4
                  | Dex+9 SInv}
 31023 | Swamp:2  | Killed Louise
 31086 | Swamp:2  | Noticed Kirke
 31191 | Swamp:2  | Killed Kirke
 32205 | Swamp:4  | Entered Level 4 of the Swamp
 32457 | Swamp:4  | Paralysed by a fenstrider witch for 5 turns
 32658 | Swamp:4  | Reached skill level 5 in Evocations
 32898 | Swamp:4  | Reached skill level 1 in Shields
 32901 | Swamp:4  | Noticed the 27-headed Lernaean hydra
 32943 | Swamp:4  | Killed the 25-headed Lernaean hydra
 33086 | Swamp:4  | Got a decaying rune of Zot
 33567 | Elf:1    | Entered Level 1 of the Elven Halls
 34039 | Elf:1    | Found Giwkextie's Antique Weapon Shoppe.
 34042 | Elf:1    | Bought a slimy battleaxe for 471 gold pieces
 34042 | Elf:1    | Identified the +6 battleaxe of Qimokhic {venom, *Corrode
                  | rPois rC- Dex+9} (You bought it in a shop on level 1 of the
                  | Elven Halls)
 34324 | Elf:1    | Identified the +4 quarterstaff "Jellybane" {heavy, Int+2}
 34545 | Elf:2    | Reached skill level 5 in Shields
 34719 | Elf:2    | Found a runed translucent gate.
 34719 | Elf:2    | Found a runed translucent gate.
 34719 | Elf:2    | Found a runed translucent gate.
 34763 | Elf:2    | Noticed Roxanne
 34794 | Elf:2    | Killed Roxanne
 34862 | Elf:2    | Found Ogionaol's Jewellery Shop.
 35036 | Elf:2    | Identified the ring "Olussir" {Str+4 SInv}
 35354 | Elf:2    | Reached XP level 19. HP: 169/198 MP: 8/26
 35996 | Vaults:1 | Entered Level 1 of the Vaults
 38191 | Vaults:2 | Found Sitotaj's Jewellery Emporium.
 38981 | Vaults:2 | Reached XP level 20. HP: 209/209 MP: 9/27
 39719 | Vaults:2 | You fall into a shaft and drop 2 floors!
 39915 | Vaults:3 | Reached skill level 10 in Evocations
 40422 | Vaults:3 | Found a staircase to the Crypt.
 40422 | Vaults:3 | Found a basalt altar of Yredelemnul.
 40433 | Vaults:3 | Found an ancient bone altar of Kikubaaqudgha.
 41250 | Vaults:4 | Reached XP level 21. HP: 111/220 MP: 9/28
 42018 | Vaults:4 | Reached skill level 15 in Armour
 42755 | Vaults:5 | Entered Level 5 of the Vaults
 42865 | Crypt:1  | Entered Level 1 of the Crypt
 42975 | Crypt:1  | Found a runed translucent gate.
 43072 | Crypt:1  | Found a runed translucent gate.
 43072 | Crypt:1  | Found a runed translucent gate.
 43074 | Crypt:1  | Found an opulent altar of Gozag.
 43075 | Crypt:1  | Noticed Xenat's ghost (veteran MiGl)
 43077 | Crypt:1  | Found Xoujir's Assorted Antiques.
 43159 | Crypt:1  | Found a basalt altar of Yredelemnul.
 43190 | Crypt:1  | Identified the ring "Qoqiegis" {Ice Str+5}
 43190 | Crypt:1  | Noticed Josephina
 43202 | Crypt:1  | Killed Josephina
 43377 | Crypt:1  | Noticed Mennas
 43388 | Crypt:1  | Killed Mennas
 43919 | Crypt:1  | Killed Xenat's ghost
 43965 | Crypt:1  | Bought a runed cloak for 285 gold pieces
 44167 | Crypt:2  | Noticed Saint Roka
 44180 | Crypt:2  | Killed Saint Roka
 44374 | Crypt:2  | Noticed Xtahua
 44378 | Crypt:2  | Killed Xtahua
 44427 | Crypt:2  | Reached XP level 22. HP: 226/232 MP: 10/30
 44464 | Crypt:2  | Found a runed translucent door.
 44464 | Crypt:2  | Found a shimmering altar of Xom.
 44464 | Crypt:2  | Noticed Nyubb's ghost (veteran MiGl)
 44465 | Crypt:2  | Found the -2 hat of the Alchemist {rElec rPois rF+ rC+ rN+
                  | Will+ rMut rCorr}
 44492 | Crypt:2  | Killed Nyubb's ghost
 44495 | Crypt:2  | Got Xunaopro's Vellum of the Disturbing Prophets
 44651 | Crypt:2  | Reached skill level 27 in Axes
 45030 | Crypt:3  | Entered Level 3 of the Crypt
 45030 | Crypt:3  | Noticed a dread lich
 45168 | Crypt:3  | Found a staircase to the Tomb.
 45243 | Crypt:3  | Reached skill level 27 in Fighting
 45374 | Crypt:3  | Killed a dread lich
 45595 | Crypt:3  | Paralysed by a vampire knight for 2 turns
 45697 | Crypt:3  | Noticed Jory
 45710 | Crypt:3  | Killed Jory
 45724 | Crypt:3  | Identified the +2 cloak of Qazlal's Regard {rN+ rCorr
                  | Int-4}
 45740 | Crypt:3  | Identified the +4 morningstar of Indomitability {flame,
                  | rPois Int-2 Stlth+}
 45779 | Crypt:3  | Reached skill level 15 in Dodging
 45800 | Crypt:3  | Got the Codex of the Dynamic Sixfirhy
 45921 | Crypt:3  | Identified the ring "Voawnak" {rPois Will+ Int+4 Dex+4}
 45966 | Crypt:3  | Noticed Zenata
 45982 | Crypt:3  | Killed Zenata
 46821 | Slime:1  | Entered Level 1 of the Pits of Slime
 47945 | Slime:4  | Gained mutation: Your spells are a little easier to cast,
                  | but a little less powerful. [a shining eye]
 48133 | Slime:5  | Entered Level 5 of the Pits of Slime
 48439 | Slime:4  | Reached XP level 23. HP: 219/240 MP: 10/31
 48957 | Slime:5  | Paralysed by a floating eye for 4 turns
 48961 | Slime:5  | Noticed the Royal Jelly
 50594 | Slime:5  | Killed the Royal Jelly
 50636 | Slime:5  | HP: 4/240 [acid blob/splash of acid[the Royal Jelly] (12)]
 50641 | Slime:5  | HP: 5/240 [acid blob/splash of acid[the Royal Jelly] (11)]
 51262 | Slime:5  | Mangled by a rockslime

Illustrated notes

Levels and vault maps discovered:
D:1:      zelgadis_glass_arrival_small, layout_rooms, serial_shops,
          nicolae_shop_stone, st_stairs_11
D:2:      layout_basic, serial_shops, nicolae_shop_stone, glass_columns_a,
          uniq_crazy_yiuf_cottage
D:3:      layout_basic, serial_shops, shop, dreamdust_princess_bridge,
          minmay_rat_hole, uniq_ijyb
D:4:      layout_rooms, minmay_temple_entry_offerings
D:5:      layout_basic, uniq_pikel, uniq_eustachio, uniq_blork_the_orc,
          uniq_grinder
D:6:      layout_cave_pools, nicolae_ossuary_entry_false_entrances,
          gup_sewer_entry_glass, serial_shops, nicolae_shop_waterfront
D:7:      layout_loops_ring, mainiacjoe_overflow_concentric_impassable,
          serial_shops, shop, uniq_duvessa
D:8:      layout_rooms, nicolae_overflow_two_pavilions,
          mainiacjoe_overflow_six_doors_small, uniq_grum, uniq_psyche,
          uniq_prince_ribbit1, uniq_maggie
D:9:      layout_layer_cave, old_standard_altar, nicolae_sif_muna_condensation,
          dpeg_lair_monsters, uniq_amaemon
D:10:     layout_basic, mainiacjoe_overflow_small_starburst, minmay_liquid_box
D:11:     layout_roguey, gauntlet_entry_generic, hangedman_ru_absence,
          uniq_gastronok
D:12:     layout_roguey, david_orc_2, nicolae_shop_unique_rings,
          kennysheep_diamond, hellmonk_guarded_unrand_sphere_of_battle
D:13:     layout_gridville, serial_shops, kennysheep_little_box
D:14:     layout_roguey, david_vaults_2, nicolae_trove_entry_columns,
          kennysheep_boxes
D:15:     gammafunk_depths_entry_grave, layout_rooms,
          portal_ice_cave_entry_ice_simulacra, grunt_qazlal_clouds
Temple:   eino_wide_crystal_templ
Lair:1:   layout_regular_city
Lair:2:   layout_regular_city, skrybe_swamp_entry_bodies,
          nicolae_spider_entry_tight_spaces,
          hellmonk_guarded_unrand_seven_league_boots
Lair:3:   layout_gridlike, kennysheep_catoblepas_arena,
          infiniplex_staircase_pool_2
Lair:4:   layout_cave_pods, minmay_slime_entry_oklob_open
Lair:5:   minmay_lair_end_frog_pond, layout_long_grid
Swamp:1:  layout_basic_swamp, hangedman_swamp_blocks, swamp_pool3,
          nicolae_swamp_necromancer_hut, uniq_donald
Swamp:2:  layout_basic_swamp, nicolae_swamp_some_circles, swamp_pool3,
          uniq_louise, uniq_kirke
Swamp:3:  layout_basic_swamp, evilmike_swamp_ruin_wall
Swamp:4:  swamp_old_school, layout_basic_swamp, infiniplex_staircase_pool
Spider:1: layout_cave_pods
Spider:2: layout_spider_delve, uniq_arachne, uniq_asterion
Spider:3: layout_spider_delve, gammafunk_ghost_mausoleum
Spider:4: hellmonk_spider_rune_endless_swarm, spiders_nest_ghost_moth_duel,
          uniq_bai_suzhen, uniq_agnes
Slime:1:  layout_caves
Slime:2:  layout_caves
Slime:3:  layout_caves
Slime:4:  layout_caves, nicolae_slime_round_cave
Slime:5
Orc:1:    layout_caves
Orc:2:    grunt_orc_cross, layout_caves, basic_altar, ebering_ghost_inner_flame,
          uniq_nessos, uniq_rupert
Elf:1:    kennysheep_room_grid, layout_rooms, serial_shops,
          nicolae_shop_behind_doors, hangedman_corner_corridor,
          nicolae_elf_w_pinch, grunt_ministairs_13
Elf:2:    elven_hall_of_blades_hangedman_original [nooodl_blade_entry_preview],
          layout_gridlike, serial_shops, nicolae_shop_real_fake_doors,
          uniq_roxanne
Vaults:1: nicolae_vaults_network_star, ontoclasm_vaults_shout,
          hangedman_vaults_variations, grunt_vaults_hallway_short, v_misc_28,
          ontoclasm_vaults_loading_screen, nicolae_vaults_closet_pinwheel_1,
          nicolae_vaults_apartment_1, layout_vaults_omnigrid
Vaults:2: hangedman_vaults_locks, nicolae_vaults_cornered_office,
          nicolae_vaults_tetromino_L_2, nicolae_vaults_trapezoid_1,
          nicolae_vaults_storage_closets_1, nicolae_vaults_security_offices_2,
          vaults_mumra_minichess_inversion, hangedman_vaults_pinch, v_pattern_3,
          vaults_mumra_lcd, nicolae_vaults_little_squares_3,
          nicolae_vaults_trapezoid_4, layout_vaults_omnicross, serial_shops,
          shop
Vaults:3: nicolae_vaults_mini_display_case, v_rooms_6, vaults_dpeg_doors,
          hangedman_vaults_river_flow, nicolae_vaults_asterisk,
          nicolae_vaults_house_1, nicolae_vaults_tetromino_L_2,
          minmay_crypt_entry_necro_gods, v_misc_17, nicolae_vaults_big_ls,
          ontoclasm_vaults_twist, layout_vaults_maze_bifur
Vaults:4: nicolae_vaults_tetromino_L_2, nicolae_vaults_ring_of_whatevers,
          hangedman_vaults_cutoff, nicolae_vaults_quartermaster, v_pattern_2,
          v_rooms_3, serial_ice_b, ontoclasm_vaults_decontamination,
          layout_vaults_ring
Vaults:5
Crypt:1:  minmay_shadows, layout_gridlike, basic_altar, ebering_ghost_gozag,
          grunt_crypt_arrival_split, uniq_mennas, uniq_josephina
Crypt:2:  layout_gridlike, ebering_ghost_xom, grunt_megastairs_2,
          uniq_saint_roka, uniq_margery, uniq_xtahua
Crypt:3:  due_elkab, layout_chaotic_city, uniq_zenata

Skill      XL: |  1  2  3  4  5  6  7  8  9 10 11 12 13 14 15 16 17 18 19 20 21 22 23 |
---------------+----------------------------------------------------------------------+-----
Axes           | 4 5 6 7 8 10 12 13 15 16 18 19 20 22 23 24 25 26 27 | 27.0
Fighting       | 3 4 5 6 8 10 12 13 15 16 18 19 20 21 22 23 24 25 26 27 | 27.0
Invocations    | 1 5 7 10 11 12 | 12.0
Armour         | 7 10 12 14 16 19 20 | 20.2
Dodging        | 4 8 11 13 16 17 | 17.2
Evocations     | 4 7 9 10 | 10.0
Shields        | 6 8 |  8.0
Throwing       | |  2.0

Action                     |  1- 3 |  4- 6 |  7- 9 | 10-12 | 13-15 | 16-18 | 19-21 | 22-24 || total
---------------------------+-------+-------+-------+-------+-------+-------+-------+-------++-------
  Melee: War axe           |    87 |   146 |   220 |    76 |   305 |   216 |  1218 |   726 ||  2994
         Headbutt          |     9 |    28 |    56 |    79 |   293 |   300 |   485 |   304 ||  1554
         Punch             |     1 |     1 |     3 |     1 |       |       |       |       ||     6
         Broad axe         |       |       |       |   264 |   606 |   747 |       |       ||  1617
         Scimitar          |       |       |       |       |       |    40 |       |       ||    40
         Eudemon blade     |       |       |       |       |       |       |    12 |       ||    12
  Throw: Throwing net      |       |     2 |     2 |       |       |       |       |       ||     4
         Javelin           |       |       |     2 |       |       |       |       |     1 ||     3
         Boomerang         |       |       |     2 |     4 |       |       |       |       ||     6
 Invoke: Summon Divine War |       |       |       |     1 |     2 |     7 |     3 |     5 ||    18
         Divine Shield     |       |       |       |       |     1 |       |       |       ||     1
         Cleansing Flame   |       |       |       |       |       |       |     1 |       ||     1
  Evoke: Wand              |       |       |    12 |    22 |    15 |    19 |     5 |     2 ||    75
    Use: Scroll            |     1 |     4 |    10 |    16 |     5 |     9 |     1 |     4 ||    50
         Potion            |       |       |     5 |     4 |     9 |     7 |     3 |    10 ||    38
   Stab: Held in net/web   |       |     2 |       |       |       |       |       |       ||     2
 Armour: Leather armour    |    18 |       |       |       |       |       |       |       ||    18
         Ring mail         |     3 |    49 |    15 |       |       |       |       |       ||    67
         Scale mail        |       |       |    50 |    66 |   234 |       |       |       ||   350
         Plate armour      |       |       |       |    40 |    34 |   391 |       |       ||   465
         Crystal plate arm |       |       |       |       |    26 |     9 |       |       ||    35
         Storm dragon scal |       |       |       |       |       |    18 |   331 |   297 ||   646
  Dodge: Dodged            |    44 |    67 |   103 |   187 |   339 |   506 |   546 |   471 ||  2263
  Block: Kite shield       |       |       |       |       |   150 |   275 |   528 |   347 ||  1300
         Other             |       |       |       |       |     2 |       |       |       ||     2
